 Dungeon Crawl Stone Soup version 0.30.1-11-g7821555f0a (webtiles) character file.

Game seed: 16154356430061644945

142 Peloso the Covered (level 5, 0/47 HPs)
             Began as a Minotaur Fighter on Jan 6, 2024.
             Succumbed to a water moccasin's poison
             ... on level 3 of the Dungeon.
             The game lasted 00:03:51 (2184 turns).

Peloso the Covered (Minotaur Fighter)               Turns: 2184, Time: 00:03:52

Health: 0/47       AC:  9    Str: 20    XL:     5   Next: 3%
Magic:  4/4        EV:  9    Int:  5    God:
Gold:   118        SH:  5    Dex: 12    Spells: 4/4 levels left

rFire   . . .        a - +0 long sword
rCold   . . .        d - +0 buckler
rNeg    . . .        b - +0 scale mail
rPois   .            (helmet restricted)
rElec   .            (no cloak)
rCorr   .            i - +0 pair of gloves
SInv    .            c - +0 pair of boots
Will    .....        (no amulet) Stlth
                     (no ring)
HPRegen 0.27/turn    (no ring)
MPRegen 0.09/turn

%: no passive effects
@: lethally poisoned (0 -> -20)
A: horns 2, retaliatory headbutt
a: no special abilities


You were on level 3 of the Dungeon.
You visited 1 branch of the dungeon, and saw 3 of its levels.

You collected 118 gold pieces.

Inventory:

Hand Weapons
 a - a +0 long sword (weapon)
Armour
 b - a +0 scale mail (worn)
 c - a +0 pair of boots (worn)
 d - a +0 buckler (worn)
 i - a +0 pair of gloves (worn)
Wands
 j - a wand of polymorph (15)
Scrolls
 e - a scroll of enchant weapon {unknown}
 f - a scroll of torment {unknown}
 n - 3 scrolls of identify
 o - a scroll of amnesia {unknown}
Potions
 g - a potion of might
 h - a potion of magic
 k - 3 potions of haste {unknown}
 l - 2 potions of flight {unknown}
 m - a potion of mutation {unknown}


   Skills:
 + Level 4.5 Fighting
 + Level 4.0 Long Blades
 + Level 4.6 Armour
 + Level 0.4 Dodging
 + Level 0.3 Stealth
 + Level 4.4 Shields


You had 4 spell levels left.
You didn't know any spells.
Your spell library contained the following spells:

 Spells                   Type           Power      Damage    Failure   Level
 Freeze                   Ice            0%         1d3       87%         1
 Blink                    Tloc           0%         N/A       95%         2
 Frozen Ramparts          Ice            0%         1d1       99%         3
 Hailstorm                Conj/Ice       0%         3d3       99%         3
 Manifold Assault         Tloc           0%         N/A       100%        4
 Storm Form               Tmut/Air       0%         N/A       100%        7


Dungeon Overview and Level Annotations

Branches:
Dungeon (3/15)

Altars:
Gozag
Qazlal


Innate Abilities, Weirdness & Mutations

You have a pair of horns on your head.
You reflexively headbutt those who attack you in melee.


Message History

You block the goblin's attack. The water moccasin barely misses you.
You closely miss the water moccasin.
The water moccasin is heavily wounded.
The water moccasin bites you but does no damage.
The goblin hits you with a +0 club. You block the water moccasin's attack.
The goblin barely misses you.
You closely miss the water moccasin.
The water moccasin is heavily wounded.
The water moccasin closely misses you. You block the goblin's attack.
The water moccasin barely misses you.
You slash the water moccasin!
The water moccasin is almost dead.
The water moccasin bites you.
You are poisoned.
The water moccasin poisons you! The goblin barely misses you.
The water moccasin bites you!
You barely miss the water moccasin.
The water moccasin is almost dead.
You feel very sick. The goblin hits you but does no damage.
The water moccasin bites you.
You hit the water moccasin.
Your headbutt misses the water moccasin.
The water moccasin is almost dead.
You feel very sick. You block the water moccasin's attack.
The goblin hits you but does no damage. The water moccasin bites you.
* * * LOW HITPOINT WARNING * * *
The goblin barely misses you. You furiously retaliate!
You headbutt the goblin.
You kill the goblin!
You closely miss the water moccasin.
The water moccasin is almost dead.
You feel sick. The water moccasin bites you.
* * * LOW HITPOINT WARNING * * *
You are more poisoned.
The water moccasin poisons you! You block the water moccasin's attack.
Unknown command.
Unknown command.
You hit the water moccasin.
You kill the water moccasin!
You die...

##.### #.#
#.# #.##
#..# ##.#
##### # #.#
#†).#.#.#.#
#@#..g..#.#
#.###..##.#
#.)# .$#.#
#.#### )#.#
#..#.####.#
#....)....#
###########


There were no monsters in sight!

Vanquished Creatures
  A water moccasin (D:3)
  5 gnolls
  2 adders (D:2)
  4 worms
  A dart slug (D:1)
  4 orcs (D:3)
  4 ball pythons
  4 endoplasms
  2 giant cockroaches
  6 goblins
  2 hobgoblins (D:1)
  3 jackals (D:2)
  3 quokkas
  5 bats
  4 frilled lizards
  8 kobolds
  5 rats
63 creatures vanquished.

Notes
Turn   | Place    | Note
-------+----------+-------------------------------------------
     0 | D:1      | Peloso the Minotaur Fighter began the quest for the Orb.
     0 | D:1      | Reached XP level 1. HP: 19/19 MP: 0/0
   292 | D:1      | Found a faded altar of an unknown god.
   297 | D:1      | Reached XP level 2. HP: 27/27 MP: 1/1
   576 | D:1      | Reached XP level 3. HP: 33/33 MP: 2/2
  1028 | D:2      | Reached XP level 4. HP: 38/40 MP: 3/3
  1818 | D:3      | Found a stormy altar of Qazlal.
  1819 | D:3      | Found an opulent altar of Gozag.
  2123 | D:3      | Reached XP level 5. HP: 40/47 MP: 4/4
  2170 | D:3      | Noticed a water moccasin
  2184 | D:3      | Killed a water moccasin
  2184 | D:3      | Succumbed to a water moccasin's poison

Illustrated notes

Levels and vault maps discovered:
D:1:      heliophobic_arrival_ceremonial_halls, layout_basic,
          shapermc_ecumenical_altar_mp_ritualfount
D:2:      layout_basic, kennysheep_minor_cross
D:3:      minmay_wonky_spiral, layout_basic, gammafunk_temple_overflow_pools,
          minmay_fountain_box

Skill      XL: |  1  2  3  4 |
---------------+-------------+-----
Armour         | 4 |  4.6
Shields        | 4 |  4.4
Fighting       | 4 |  4.5
Long Blades    | 3 4 |  4.0
Dodging        | |  0.4
Stealth        | |  0.3

Action                     |  1- 3 |  4- 6 || total
---------------------------+-------+-------++-------
  Melee: Long sword        |    52 |    97 ||   149
         Headbutt          |     6 |    17 ||    23
    Use: Scroll            |     1 |     1 ||     2
         Potion            |     1 |       ||     1
 Armour: Scale mail        |    28 |    62 ||    90
  Dodge: Dodged            |    21 |    43 ||    64
  Block: Buckler           |    17 |    29 ||    46
